 Dungeon Crawl Stone Soup version 0.22.1-5-g62c59d9 (webtiles) character file.

553 Tr0llz0r the Chopper (level 7, -6/52 HPs)
             Began as a Demonspawn Gladiator on Jan 11, 2019.
             Was an Initiate of Okawaru.
             Killed from afar by a manticore (11 damage)
             ... with a volley of spikes
             ... on level 5 of the Dungeon.
             The game lasted 00:13:03 (4321 turns).

Tr0llz0r the Chopper (Demonspawn Gladiator)         Turns: 4321, Time: 00:13:04

Health: -6/52      AC: 12    Str: 16    XL:     7   Next: 8%
Magic:  7/7        EV:  8    Int:  9    God:    Okawaru [......]
Gold:   205        SH:  0    Dex: 17    Spells: 6/6 levels left

rFire    . . .     SeeInvis .   a - +1 war axe
rCold    . . .     Gourm    .   (no shield)
rNeg     . . .     Faith    .   u - +2 chain mail {rPois}
rPois    +         Spirit   .   (helmet restricted)
rElec    .         Reflect  .   (no cloak)
rCorr    .         Harm     .   w - +0 pair of gloves
MR       .....                  (no boots)
Stlth    ..........             (no amulet)
HPRegen  0.17/turn              k - ring of stealth
MPRegen  0.10/turn              r - +2 ring of dexterity

@: about to teleport, barbed spikes
A: claws 1, hooves 1, horns 1, spiny 1
a: Renounce Religion


You were on level 5 of the Dungeon.
You worshipped Okawaru.
Okawaru was noncommittal.
You were not hungry.

You visited 1 branch of the dungeon, and saw 5 of its levels.

You collected 205 gold pieces.

Inventory:

Hand Weapons
 a - a +1 war axe (weapon)
 g - a +0 shortbow
Missiles
 d - 3 throwing nets (quivered)
 e - 177 stones
 h - 69 arrows
 m - 6 needles of confusion
Armour
 u - a +2 chain mail of poison resistance (worn)
 w - a +0 pair of gloves (worn)
Jewellery
 k - a ring of stealth (left hand)
 r - a +2 ring of dexterity (right hand)
Wands
 c - a wand of acid (12)
 i - a wand of digging (11)
 l - a wand of flame (61)
 n - a wand of iceblast (12)
Scrolls
 b - 2 scrolls of fog
 t - a scroll of teleportation
 v - a scroll of holy word {unknown}
Potions
 j - a potion of brilliance
 o - a potion of mutation
 p - a potion of might
 q - a potion of haste
Comestibles
 f - 9 rations


   Skills:
 + Level 3.0 Fighting
 + Level 5.4 Axes
 + Level 1.9 Throwing
 + Level 3.1 Armour
 + Level 3.6 Dodging
 + Level 1.2 Stealth


You had 6 spell levels left.
You didn't know any spells.
Your spell library was empty.

Dungeon Overview and Level Annotations

Branches:
Dungeon (5/15)             Temple (0/1) D:5

Altars:
Hepliaklqana
Okawaru
Qazlal
Xom


Innate Abilities, Weirdness & Mutations

You have sharp fingernails.
You have large cloven feet.
You have a pair of small horns on your head.
You are partially covered in sharp spines.


Message History

You hit the manticore. You headbutt the manticore.
The manticore is moderately wounded.
The manticore is struck by your spines. The manticore bites you.
* * * LOW HITPOINT WARNING * * *
The manticore claws you!
* * * LOW HITPOINT WARNING * * *
The manticore claws you but does no damage.
It was a potion of curing.
You feel better. The manticore bites you.
* * * LOW HITPOINT WARNING * * *
The manticore claws you.
* * * LOW HITPOINT WARNING * * *
The manticore barely misses you.
As you read the scroll of teleportation, it crumbles to dust.
You feel strangely unstable. The manticore barely misses you.
The manticore claws you but does no damage.
The manticore barely misses you.
The manticore flicks its tail.
The volley of spikes hits you!
The barbed spikes become lodged in your body.
You die...

.........###.# #......
#..# .........# #.#
##........ ##..
####.....###.###.........
#..
#.........##..........
#..
####......####...........
##. ..........#
#............ #.
..........# #...........
#.
.....####.###....$H.#..#
#. ..##.# ##.#.'...@.†..#
#. ..##.###....'........#
#.
...........##...5...#..#
#.
...........##............
#†
...........##............
#.
.......#...###...?.......
#. ###....#...#
##.......... #.
##...#...# ##......... #.
#...##### #.


You could see a manticore and a crimson imp.

Vanquished Creatures
  A centaur (D:5)
  A howler monkey (D:5)
  A jelly (D:5)
  An orc priest (D:4)
  A centaur skeleton (D:4)
  2 hounds (D:5)
  An orc wizard (D:4)
  Jessica (D:3)
  An iguana (D:4)
  4 worker ants
  A howler monkey skeleton (D:4)
  5 adders
  A worm (D:2)
  A dart slug (D:1)
  3 leopard geckos
  4 orcs (D:4)
  5 bats
  3 giant cockroaches
  3 goblins
  A hobgoblin (D:2)
  7 jackals (D:3)
  2 quokkas
  A ball python (D:1)
  4 frilled lizards
  6 kobolds
  5 rats
  A butterfly (D:2)
67 creatures vanquished.

Notes
Turn   | Place    | Note
-------+----------+-------------------------------------------
     0 | D:1      | Tr0llz0r the Demonspawn Gladiator began the quest for the
                  | Orb.
     0 | D:1      | Reached XP level 1. HP: 16/16 MP: 1/1
   417 | D:1      | Gained mutation: You have large cloven feet. [demonic
                  | ancestry]
   417 | D:1      | Reached XP level 2. HP: 22/22 MP: 2/2
   453 | D:1      | Reached skill level 3 in Axes
  1234 | D:2      | Gained mutation: You are partially covered in sharp spines.
                  | [demonic ancestry]
  1234 | D:2      | Reached XP level 3. HP: 16/27 MP: 3/3
  1513 | D:2      | Found a shimmering altar of Xom.
  1835 | D:3      | Reached skill level 1 in Armour
  1871 | D:3      | Found a stormy altar of Qazlal.
  1937 | D:3      | Noticed Jessica
  1943 | D:3      | Killed Jessica
  1943 | D:3      | Gained mutation: You have a pair of small horns on your
                  | head. [demonic ancestry]
  1943 | D:3      | Reached XP level 4. HP: 30/33 MP: 4/4
  2256 | D:3      | Found a faded altar of an unknown god.
  2873 | D:4      | Reached skill level 4 in Axes
  2873 | D:4      | Reached XP level 5. HP: 27/39 MP: 5/5
  2874 | D:4      | Found a hazy altar of Hepliaklqana.
  3138 | D:4      | Gained mutation: You have sharp fingernails. [demonic
                  | ancestry]
  3138 | D:4      | Reached XP level 6. HP: 35/46 MP: 6/6
  3679 | D:5      | Entered Level 5 of the Dungeon
  3697 | D:5      | Found an iron altar of Okawaru.
  3710 | D:5      | Reached skill level 1 in Stealth
  3714 | D:5      | Became a worshipper of Warmaster Okawaru
  3751 | D:5      | Reached skill level 5 in Axes
  3848 | D:5      | Reached XP level 7. HP: 32/52 MP: 7/7
  3880 | D:5      | Found a staircase to the Ecumenical Temple.
  4310 | D:5      | Noticed a manticore
  4321 | D:5      | Killed from afar by a manticore

Skill      XL: |  1  2  3  4  5  6 |
---------------+-------------------+-----
Axes           | 3 4 5 |  5.4
Dodging        | 3 |  3.6
Armour         | 1 2 3 |  3.1
Stealth        | 1 |  1.2
Fighting       | 3 |  3.0
Throwing       | |  1.9

Action                   |  1- 3 |  4- 6 |  7- 9 || total
-------------------------+-------+-------+-------++-------
Melee: War axe           |    71 |    72 |     8 ||   151
       Kick              |     7 |    23 |     2 ||    32
       Headbutt          |       |    13 |     1 ||    14
  Use: Scroll            |     9 |     4 |     1 ||    14
       Potion            |     1 |       |     1 ||     2
  Eat: Ration            |     1 |     2 |       ||     3
Armor: Leather armour    |     7 |       |       ||     7
       Scale mail        |    22 |    32 |       ||    54
       Chain mail        |       |    12 |     5 ||    17
Dodge: Dodged            |    45 |    65 |    13 ||   123
